Map: [ESL] Ancient Cistern

Players

RagnaroK (SHIN) - Winner!

  • Race: Zerg Zerg
  • Spawn Location: 1:00

ShoWTimE

  • Race: Protoss Protoss
  • Spawn Location: 7:00

Event: ESL SC2 Masters 2023 Summer (Finals)

VOD

Have the link to the VOD?

Description

Time

  • Played on: June 16, 2023, 1:54 p.m.
  • Length: 9:01

All games in this series

Show
View Real Time Build Order
Export as new Build Order

RagnaroK Zerg - Winner!

Build Orders: Hatch First 

Get SALT Encoding   

  12  0:00  Drone  
  13  0:08  Drone  
  14  0:16  Overlord  
  14  0:37  Drone x2  
  16  0:47  Hatchery  
  15  0:52  Drone  
  15  0:55  Drone  
  17  0:59  Drone  
  18  1:09  Extractor  
  17  1:14  Spawning Pool  
  17  1:17  Drone  
  17  1:20  Drone  
  18  1:31  Drone  
  19  1:41  Drone  
  20  1:52  Drone  
  21  2:01  Queen x2  
  21  2:02  Zergling x2  
  21  2:03  Zergling x2  
  27  2:11  Overlord  
  27  2:14  Drone  
  28  2:17  Metabolic Boost  
  28  2:31  Hatchery, Drone  
  28  2:33  Drone  
  28  2:36  Drone  
  30  2:41  Drone  
  31  2:46  Queen  
  31  2:50  Zergling x4  
  35  2:55  Overlord  
  35  2:57  Drone  
  36  3:11  Overlord  
  36  3:13  Queen  
  36  3:14  Zergling x2  
  36  3:15  Drone x2  
  36  3:17  Drone x2  
  43  3:26  Drone  
  44  3:28  Queen  
  44  3:29  Spore Crawler  
  44  3:31  Drone  
  46  3:35  Drone  
  46  3:36  Drone  
  46  3:40  Drone x2  
  50  3:41  Drone  
  50  3:43  Drone  
  52  3:48  Spore Crawler  
  52  3:53  Drone  
  52  3:54  Drone  
  53  3:55  Roach Warren  
  53  3:58  Drone x2  
  53  4:00  Drone  
  55  4:08  Drone x3  
  58  4:12  Evolution Chamber  
  58  4:13  Overlord  
  58  4:14  Overlord  
  58  4:16  Overlord  
  58  4:17  Spore Crawler  
  58  4:18  Overlord, Drone  
  58  4:28  Overlord  
  58  4:29  Drone  
  58  4:30  Overlord, Drone  
  58  4:33  Zergling x4  
  58  4:36  Queen  
  58  4:37  Zergling x2  
  63  4:43  Zerg Melee Weapons Level 1  
  63  4:44  Zergling x6  
  66  4:46  Drone  
  66  4:48  Drone  
  66  4:49  Drone  
  69  4:55  Drone x4  
  69  4:59  Drone x2  
  75  5:03  Zergling x2  
  75  5:04  Zergling x2  
  75  5:07  Zergling x4  
  75  5:11  Zergling x8  
  80  5:17  Hatchery  
  80  5:21  Drone x3  
  80  5:24  Drone x2  
  80  5:25  Drone  
  80  5:26  Drone  
  86  5:29  Drone x2  
  86  5:31  Drone x2  
  90  5:35  Lair  
  90  5:38  Drone  
  90  5:39  Extractor  
  90  5:41  Drone, Roach Warren  
  90  5:42  Drone  
  91  5:45  Extractor  
  91  5:46  Extractor  
  91  5:47  Drone x3  
  91  5:52  Drone x5  
  91  5:56  Zergling x8  
  96  5:57  Zergling x2  
  92  6:04  Zergling x2  
  92  6:09  Baneling Nest  
  89  6:14  Zergling x6  
  89  6:15  Zergling x4  
  94  6:18  Queen  
  94  6:25  Overlord  
  96  6:27  Zergling x4  
  96  6:30  Overlord  
  96  6:31  Drone  
  96  6:32  Drone  
  100  6:33  Drone  
  100  6:35  Drone  
  100  6:36  Drone  
  100  6:38  Zergling x2  
  104  6:41  Overlord  
  104  6:46  Roach x6  
  110  6:47  Glial Reconstitution  
  110  6:49  Zergling x10  
  112  6:54  Roach x3  
  112  6:58  Overlord x3  
  118  7:04  Roach x3, Spore Crawler  
  118  7:08  Overlord  
  122  7:11  Roach  
  122  7:14  Roach  
  122  7:15  Overlord  
  125  7:17  Overlord  
  125  7:18  Roach  
  125  7:19  Roach x2  
  125  7:20  Overlord  
  125  7:21  Roach x2  
  134  7:25  Roach x2  
  134  7:27  Zergling x8  
  141  7:31  Roach x3, Zergling x2  
  141  7:35  Roach  
  150  7:38  Roach x2  
  150  7:39  Extractor  
  150  7:42  Overlord  
  153  7:45  Roach  
  153  7:47  Roach x2  
  153  7:48  Roach, Overlord  
  163  7:51  Roach  
  163  7:52  Zergling x12  
  169  8:02  Zergling x12  
  169  8:03  Zergling x2  
  168  8:08  Roach  
  168  8:09  Roach  
  168  8:12  Roach x2  
  156  8:18  Roach x4, Hatchery  
  147  8:21  Roach x4  
  147  8:23  Zergling x6  
  147  8:26  Zergling x4  
  152  8:31  Zergling x6, Evolution Chamber  
  152  8:33  Drone  
  154  8:34  Drone  
  154  8:37  Zergling x4  
Show
View Real Time Build Order
Export as new Build Order

ShoWTimE Protoss 

Build Orders: 1 Gate Expand, Oracle Opening, Zealot Archon 

Get SALT Encoding   

  12  0:00  Probe  
  13  0:12  Probe  
  14  0:17  Pylon  
  14  0:24  Probe (Chrono Boost)  
  15  0:36  Probe (Chrono Boost)  
  15  0:38  Gateway  
  16  0:45  Probe (Chrono Boost)  
  16  0:46  Assimilator  
  17  0:51  Probe  
  18  1:03  Probe  
  19  1:15  Probe  
  20  1:23  Nexus  
  20  1:33  Cybernetics Core  
  20  1:35  Probe  
  21  1:43  Assimilator  
  21  1:47  Probe  
  21  1:50  Pylon  
  22  1:59  Probe  
  23  2:06  Adept (Chrono Boost)  
  23  2:12  Probe  
  26  2:20  Stargate  
  26  2:24  Probe (Chrono Boost)  
  26  2:26  Adept (Chrono Boost)  
  29  2:34  Warp Gate  
  29  2:35  Probe (Chrono Boost)  
  31  2:42  Probe (Chrono Boost)  
  32  2:45  Probe (Chrono Boost)  
  32  2:49  Probe (Chrono Boost), Adept  
  32  2:50  Probe (Chrono Boost)  
  36  3:00  Probe, Pylon  
  36  3:02  Probe  
  36  3:05  Oracle (Chrono Boost)  
  38  3:12  Probe  
  42  3:14  Probe  
  42  3:19  Adept  
  45  3:21  Gateway  
  45  3:24  Probe  
  45  3:26  Probe  
  47  3:32  Pylon  
  47  3:36  Probe  
  47  3:37  Oracle (Chrono Boost)  
  47  3:38  Probe  
  52  3:48  Probe  
  52  3:50  Probe  
  52  3:54  Nexus  
  54  4:00  Probe, Pylon  
  54  4:02  Probe  
  56  4:06  Oracle (Chrono Boost)  
  58  4:13  Probe  
  58  4:14  Probe, Assimilator  
  58  4:16  Assimilator  
  60  4:22  Stalker  
  60  4:23  Adept  
  64  4:26  Probe, Pylon  
  64  4:28  Probe  
  66  4:39  Probe, Forge  
  66  4:40  Probe  
  68  4:46  Gateway  
  68  4:51  Probe, Robotics Facility  
  68  4:52  Probe  
  70  5:05  Probe (Chrono Boost)  
  70  5:06  Probe (Chrono Boost)  
  72  5:08  Probe (Chrono Boost)  
  73  5:14  Protoss Ground Weapons Level 1, Shield Battery  
  73  5:16  Probe (Chrono Boost)  
  73  5:17  Sentry x2  
  73  5:18  Probe (Chrono Boost)  
  73  5:19  Probe (Chrono Boost)  
  73  5:21  Probe (Chrono Boost)  
  80  5:23  Probe (Chrono Boost)  
  80  5:27  Probe  
  83  5:31  Probe  
  83  5:32  Pylon  
  83  5:35  Probe  
  81  5:39  Probe  
  81  5:41  Photon Cannon  
  81  5:42  Immortal (Chrono Boost)  
  86  5:44  Zealot, Sentry  
  86  5:45  Assimilator  
  86  5:46  Probe  
  86  5:48  Probe  
  92  5:50  Assimilator  
  92  5:51  Probe  
  89  5:58  Zealot  
  89  6:00  Probe x2  
  86  6:07  Probe, Shield Battery  
  86  6:09  Twilight Council  
  87  6:12  Probe  
  87  6:14  Gateway  
  87  6:17  Zealot x2  
  87  6:18  Gateway x2  
  92  6:21  Probe, Observer (Chrono Boost)  
  94  6:33  Robotics Bay  
  94  6:36  Immortal, Pylon  
  98  6:44  Stalker  
  98  6:47  Zealot  
  98  6:50  Zealot  
  98  6:53  Phoenix  
  89  6:54  Photon Cannon  
  89  6:59  Charge  
  89  7:02  Templar Archives  
  89  7:03  Photon Cannon  
  89  7:08  Zealot x3  
  95  7:16  Nexus  
  95  7:21  Photon Cannon  
  97  7:24  Probe x3  
  97  7:29  Disruptor (Chrono Boost)  
  100  7:30  Shield Battery  
  100  7:36  Probe x2  
  103  7:39  Photon Cannon  
  103  7:41  High Templar x3  
  109  7:45  Pylon, Archon  
  109  7:47  Pylon  
  109  7:53  Gateway  
  109  7:56  Gateway  
  109  8:01  Disruptor (Chrono Boost)  
  109  8:05  High Templar, Zealot x2  
  102  8:13  Probe  
  102  8:18  Zealot x3  
  96  8:23  Void Ray (Chrono Boost)  
  96  8:24  Probe x2  
  96  8:25  Probe  
  94  8:30  Disruptor (Chrono Boost)  
  94  8:33  Shield Battery  
  95  8:34  Photon Cannon  
  95  8:35  Stalker x2  
  95  8:38  Photon Cannon  
  95  8:39  Stalker x2  
  103  8:45  Stalker x2  
  105  8:49  Zealot  
  105  8:52  Zealot  
  103  8:56  Pylon, Zealot  
Tags
 
Add a new tag
Caveats
  • Supply blocks, unpowered buildings, or Contaminate may cause inaccurate times.
  • Supply counts are checked every 10 seconds.